 Dungeon Crawl Stone Soup version 0.28.0-43-g3370ac3207 (webtiles) character file.

Game seed: 17532721034511662812

468 Kaptain the Digger (level 7, -1/40 HPs)
             Began as a Gargoyle Earth Elementalist on Mar 5, 2022.
             Slain by a wight
             ... wielding a +3 war axe of freezing
              (3 damage)
             ... on level 5 of the Dungeon.
             The game lasted 00:08:19 (4462 turns).

Kaptain the Digger (Gargoyle Earth Elementalist)    Turns: 4462, Time: 00:08:20

Health: -1/40      AC: 13    Str: 11    XL:     7   Next: 8%
Magic:  0/12       EV: 11    Int: 18    God:
Gold:   239        SH:  0    Dex: 10    Spells: 8/12 levels left

rFire   . . .      SeeInvis .   A - +3 halberd
rCold   . . .      Faith    .   (shield currently unavailable)
rNeg    + . .      Spirit   .   g - +0 leather armour
rPois   ∞          Reflect  .   (no helmet)
rElec   +          Harm     .   (no cloak)
rCorr   .          Rampage  .   w - +0 pair of gloves
Will    .....                   (no boots)
Stlth   ++........              (no amulet)
HPRegen 0.13/turn               i - +4 ring of protection
MPRegen 0.13/turn               (no ring)

@: very slightly contaminated
A: sickness immunity, AC +4, negative energy resistance 1, electricity
resistance, torment resistance 1, petrification resistance
a: no special abilities


You were on level 5 of the Dungeon.
You visited 1 branch of the dungeon, and saw 5 of its levels.

You collected 239 gold pieces.

Inventory:

Hand Weapons
 d - a +1 dagger of holy wrath
 f - a +0 war axe
 l - a +0 trident
 n - a +0 morningstar
 t - a +0 rapier of draining
 A - a +3 halberd (weapon)
Missiles
 c - 38 stones
 r - a throwing net
Armour
 g - a +0 leather armour (worn)
 k - a +0 kite shield
 w - a +0 pair of gloves (worn)
Jewellery
 i - a +4 ring of protection (left hand)
 z - a ring of wizardry
Wands
 h - a wand of digging (4)
 p - a wand of flame (31)
 s - a wand of polymorph (6)
Scrolls
 a - a scroll of immolation {unknown}
 b - a scroll of blinking {unknown}
 e - 2 scrolls of teleportation {unknown}
 m - a scroll of noise {unknown}
 o - 2 scrolls of identify {unknown}
 x - a scroll of silence {unknown}
 y - a scroll of holy word {unknown}
Potions
 j - a potion of lignification {unknown}
 q - a potion of brilliance {unknown}
 u - a potion of flight {unknown}
 v - a potion of haste {unknown}


   Skills:
 + Level 2.1 Fighting
 + Level 2.0 Armour
 - Level 2.0 Dodging
 + Level 3.3 Stealth
 + Level 1.5 Shields
 * Level 3.4 Spellcasting
 * Level 3.3 Conjurations
 - Level 0.7 Transmutations
 * Level 5.3 Earth Magic


You had 8 spell levels left.
You knew the following spells:

 Your Spells              Type           Power      Damage    Failure   Level
a - Sandblast             Erth           44%        2d11      2%          1
b - Stone Arrow           Conj/Erth      36%        3d9       11%         3

Your spell library contained the following spells:

 Spells                   Type           Power      Damage    Failure   Level
 Passwall                 Tmut/Erth      11%        N/A       9%          2
 Tukima's Dance           Hex            3%         N/A       52%         3
 Petrify                  Tmut/Erth      14%        N/A       52%         4
 Passage of Golubria      Tloc           3%         N/A       90%         4
 Yara's Violent Unravell  Hex/Tmut       2%         3d3       99%         5
 Malign Gateway           Summ/Tloc      1%         N/A       100%        7
 Summon Horrible Things   Summ           1%         N/A       100%        8


Dungeon Overview and Level Annotations

Branches:
Dungeon (5/15)             Temple (0/1) D:4

Altars:


Innate Abilities, Weirdness & Mutations

You are immune to sickness and miasma.
Your stone body is resilient. (AC +4)
You are immune to poison.
You resist negative energy. (rN+)
You are resistant to electric shocks. (rElec)
You are resistant to unholy torment.
You are immune to petrification.


Message History

The blast of sand hits the wight!
The wight is almost destroyed.
The wight closely misses you.
Casting: Sandblast (safe; 2% risk of failure)
Confirm with . or Enter, or press ? or * to list all spells.
Aiming: Sandblast (safe; 2% risk of failure)
Press: ? - help, Shift-Dir - straight line, f/p - wight
Aim: a wight, wielding a +3 war axe of freezing and wearing a +2 robe of willpower (almost destroyed, 81% to hit)
The blast of sand hits the wight but does no damage.
The wight is almost destroyed.
The wight hits you with a +3 war axe of freezing.
The wight freezes you.
* * * LOW HITPOINT WARNING * * *
Casting: Sandblast (safe; 2% risk of failure)
Confirm with . or Enter, or press ? or * to list all spells.
Aiming: Sandblast (safe; 2% risk of failure)
Press: ? - help, Shift-Dir - straight line, f/p - wight
Aim: a wight, wielding a +3 war axe of freezing and wearing a +2 robe of willpower (almost destroyed, 81% to hit)
The blast of sand hits the wight but does no damage.
The wight is almost destroyed.
The wight closely misses you.
Casting: Sandblast (safe; 2% risk of failure)
Confirm with . or Enter, or press ? or * to list all spells.
Aiming: Sandblast (safe; 2% risk of failure)
Press: ? - help, Shift-Dir - straight line, f/p - wight
Aim: a wight, wielding a +3 war axe of freezing and wearing a +2 robe of willpower (almost destroyed, 81% to hit)
The blast of sand hits the wight but does no damage.
The wight is almost destroyed.
The wight hits you with a +3 war axe of freezing!
* * * LOW HITPOINT WARNING * * *
The wight freezes you.
* * * LOW HITPOINT WARNING * * *
Casting: Sandblast (safe; 2% risk of failure)
Confirm with . or Enter, or press ? or * to list all spells.
You don't have enough magic to cast this spell.
Okay, then.
You barely miss the wight.
The wight is almost destroyed.
The wight hits you with a +3 war axe of freezing.
You die...

#.........###
##............
###..........###
#.........####
#.#.......#
#.#########
#.8##.#.#.#
#.###)#'#'#+#+#+#
#..'.....@......#
#####'#'#z#+#+#+#
#.#[#.# #######


You could see a wight.

Vanquished Creatures
  2 wights (D:5)
  A centaur zombie (D:5)
  2 iguanas
  2 orc wizards
  A killer bee zombie (D:5)
  A hound skeleton (D:5)
  A mummy (D:5)
  11 gnolls
  3 adders
  A dart slug (D:2)
  2 orcs
  8 ball pythons
  6 bats
  3 endoplasms
  7 giant cockroaches
  4 goblins
  6 hobgoblins
  5 jackals
  3 quokkas
  3 frilled lizards
  4 kobolds
  7 rats
83 creatures vanquished.

Notes
Turn   | Place    | Note
-------+----------+-------------------------------------------
     0 | D:1      | Kaptain the Gargoyle Earth Elementalist began the quest for
                  | the Orb.
     0 | D:1      | Reached XP level 1. HP: 10/10 MP: 3/3
   445 | D:1      | Reached XP level 2. HP: 15/15 MP: 3/5
  1321 | D:1      | Reached skill level 1 in Conjurations
  1518 | D:2      | Reached XP level 3. HP: 20/20 MP: 4/6
  1522 | D:2      | Learned a level 3 spell: Stone Arrow
  1547 | D:2      | Reached skill level 4 in Earth Magic
  2336 | D:2      | Found a faded altar of an unknown god.
  2560 | D:3      | Reached XP level 4. HP: 21/24 MP: 3/7
  2746 | D:3      | Reached skill level 1 in Fighting
  2901 | D:3      | Reached skill level 1 in Armour
  3188 | D:4      | Reached XP level 5. HP: 29/29 MP: 7/9
  3223 | D:4      | Found a staircase to the Ecumenical Temple.
  3608 | D:4      | Reached XP level 6. HP: 27/34 MP: 1/10
  3890 | D:3      | Reached skill level 1 in Shields
  3944 | D:4      | Reached skill level 5 in Earth Magic
  4261 | D:5      | Entered Level 5 of the Dungeon
  4429 | D:5      | Reached XP level 7. HP: 40/40 MP: 8/12
  4461 | D:5      | HP: 2/40 [wight/+3 war axe of freezing (1)]
  4462 | D:5      | Slain by a wight

Illustrated notes

Levels and vault maps discovered:
D:1:      lemuel_arrival_hallway, layout_basic, serial_co_window_serial,
          co_window_corner_a, co_window_cross_1, co_window_paths_b,
          co_window_corner_a, co_window_paths_a, co_window_paths_a,
          co_window_corner_a, co_window_paths_a, co_window_of_opportunity_a,
          co_window_broadway_a, co_window_of_opportunity_c, co_window_cross_2,
          co_window_paths_c
D:2:      layout_basic, chequers_ecumenical_altar_lobes, minmay_misc_feat_rows
D:3:      layout_basic
D:4:      layout_cave_pools, minmay_temple_entry_grid
D:5:      layout_basic, lemuel_mausoleum_altar_yredelemnul,
          amcnicky_altar_gilded, serial_corexii_hall, corexii_hall_statues_x,
          chequers_hall_statues_wall_a

Skill      XL: |  1  2  3  4  5  6  7 |
---------------+----------------------+-----
Conjurations   | 1 2 3 |  3.3
Earth Magic    | 4 5 |  5.3
Fighting       | 1 2 |  2.1
Dodging        | 2 |  2.0
Armour         | 1 2 |  2.0
Spellcasting   | 3 |  3.4
Stealth        | 3 |  3.3
Shields        | 1 |  1.5
Transmutations | |  0.7

Action                   |  1- 3 |  4- 6 |  7- 9 || total
-------------------------+-------+-------+-------++-------
Melee: Short sword       |    28 |       |       ||    28
       Rapier            |     2 |    25 |       ||    27
       Halberd           |       |       |     8 ||     8
 Cast: Sandblast         |    59 |    69 |    11 ||   139
 Stab: Sleeping          |       |       |     1 ||     1
Armor: Robe              |    10 |       |       ||    10
       Leather armour    |     5 |    23 |     3 ||    31
Dodge: Dodged            |    35 |    46 |    11 ||    92
